 Dungeon Crawl Stone Soup version 0.30-a0-1082-g70414cbcbb (webtiles) character file.

Game seed: 452381148832652912

4377 jimonade the Covered (level 10, -6/80 HPs)
             Began as a Barachi Brigand on Apr 15, 2023.
             Was a Believer of Cheibriados.
             Mangled by a hornet (13 damage)
             ... while paralysed by a hornet
             ... on level 9 of the Dungeon.
             The game lasted 00:26:03 (7903 turns).

jimonade the Covered (Barachi Brigand)              Turns: 7903, Time: 00:26:04

Health: -6/80      AC: 11    Str: 31    XL:     10   Next: 35%
Magic:  23/23      EV:  2    Int: 19    God:    Cheibriados [**....]
Gold:   363        SH:  0    Dex: 23    Spells: 13/15 levels left

rFire   . . .      SeeInvis .    a - +8 falchion "Danusch" {pain, rCorr MP+9 Int-3 Dex+2}
rCold   . . .      Faith    .    D - +0 kite shield
rNeg    . . .      Spirit   .    j - +0 ring mail
rPois   .          Reflect  .    N - +1 hat
rElec   +          Rampage  .    C - +0 cloak
rCorr   +                        p - +0 pair of gloves
Will    .....                    l - +0 pair of boots
Stlth   ++                       P - amulet "Ramux" {Acrobat Str+2}
HPRegen 0.33/turn                B - ring of Ziphacs {rElec Str+6 Int+6}
MPRegen 0.18/turn                A - +6 ring of strength

@: paralysed, very slow
A: amphibious, slowness 1, strong legs 1, +LOS
a: Hop, Renounce Religion, Bend Time


You were on level 9 of the Dungeon.
You worshipped Cheibriados.
Cheibriados was pleased with you.
You visited 1 branch of the dungeon, and saw 9 of its levels.

You collected 539 gold pieces.
You spent 176 gold pieces at shops.

Inventory:

Hand Weapons
 a - the +8 falchion "Danusch" (weapon) {pain, rCorr MP+9 Int-3 Dex+2}
   (You bought it in a shop on level 7 of the Dungeon)

   Int:       It affects your intelligence (-3).
   Dex:       It affects your dexterity (+2).
   MP:        It affects your magic capacity (+9).
   rCorr:     It protects you from acid and corrosion.
 b - the +6 dagger of Beogh's Envy {flame, rF+ rC+++ MP+9 Dex-4}
   (You found it on level 5 of the Dungeon)

   Dex:       It affects your dexterity (-4).
   rF:        It protects you from fire.
   rC:        It renders you almost immune to cold.
   MP:        It affects your magic capacity (+9).
 c - a +0 sling
 x - a +2 dagger
 S - a +0 dagger of venom
 V - a +4 spear of pain
Missiles
 d - 36 poisoned darts
 e - 4 curare-tipped darts (quivered)
 I - 5 boomerangs of dispersal
 Y - 4 atropa-tipped darts
Armour
 j - a +0 ring mail (worn)
 l - a +0 pair of boots (worn)
 p - a +0 pair of gloves (worn)
 C - a +0 cloak (worn)
 D - a +0 kite shield (worn)
 N - a +1 hat (worn)
Magical Staves
 o - a staff of fire
Jewellery
 z - a ring of positive energy
 A - a +6 ring of strength (right hand)
 B - the ring of Ziphacs (left hand) {rElec Str+6 Int+6}
   (You found it on level 3 of the Dungeon)

   [ring of intelligence]

   Str:       It affects your strength (+6).
   Int:       It affects your intelligence (+6).
   rElec:     It insulates you from electricity.
 P - the amulet "Ramux" (around neck) {Acrobat Str+2}
   (You found it on level 7 of the Dungeon)

   [amulet of the acrobat]

   It increases your evasion while moving and waiting.
   Str:       It affects your strength (+2).
Wands
 u - a wand of iceblast (1)
 Q - a wand of flame (46)
 T - a wand of polymorph (6)
Scrolls
 f - 3 scrolls of enchant armour {unknown}
 i - 2 scrolls of vulnerability {unknown}
 m - 2 scrolls of fog
 n - a scroll of immolation
 s - 5 scrolls of teleportation {unknown}
 t - a scroll of blinking
 w - a scroll of butterflies
 y - a scroll of amnesia
 E - a scroll of enchant weapon
 F - a scroll of fear
 H - 2 scrolls of brand weapon {unknown}
 R - a scroll of torment
 W - a scroll of magic mapping {unknown}
Potions
 g - 3 potions of might {unknown}
 k - 2 potions of heal wounds {unknown}
 q - a potion of haste {unknown}
 r - 3 potions of degeneration {unknown}
 v - 3 potions of attraction {unknown}
 J - 5 potions of flight {unknown}
 K - 3 potions of lignification {unknown}
 L - 3 potions of curing
 M - a potion of berserk rage {unknown}
 O - 2 potions of brilliance {unknown}
 Z - a potion of magic {unknown}
Miscellaneous
 G - a phantom mirror (inert)


   Skills:
 + Level 7.7 Fighting
 - Level 2.6 Short Blades
 - Level 4.2(4.4) Axes
 - Level 1.7(3.2) Maces & Flails
 - Level 2.4 Throwing
 + Level 7.7 Armour
 + Level 6.8 Dodging
 - Level 4.1 Stealth
 + Level 5.2 Shields
 + Level 3.2 Spellcasting
 * Level 6.1 Translocations


You had 13 spell levels left.
You knew the following spells:

 Your Spells              Type           Power      Damage    Failure   Level
a - Lesser Beckoning      Tloc           52%        N/A       7%          2

Your spell library contained the following spells:

 Spells                   Type           Power      Damage    Failure   Level
 Gell's Gravitas          Tloc           26%        N/A       14%         3
 Teleport Other           Tloc           26%        N/A       14%         3
 Necrotise                Necr           12%        1d4       50%         1
 Dazzling Flash           Conj/Hex       6%         N/A       86%         3
 Ozocubu's Armour         Ice            3%         N/A       86%         3
 Leda's Liquefaction      Hex/Erth       1%         N/A       99%         4
 Metabolic Englaciation   Hex/Ice        1%         N/A       100%        5
 Simulacrum               Ice/Necr       1%         N/A       100%        6


Dungeon Overview and Level Annotations

Branches:
Dungeon (9/15)             Temple (0/1) D:7
   Lair: D:8-11         Orc: D:9-12

Altars:
Cheibriados
Dithmenos
Gozag
Kikubaaqudgha
Nemelex Xobeh
Sif Muna
Vehumet
Yredelemnul
Zin
The Shining One

Shops:
D:2 ?   D:7 (


Innate Abilities, Weirdness & Mutations

You are amphibious.
You cover ground slowly.
You can hop short distances.
You have an extended range of vision and can be seen from far away.


Message History

The hornet is lightly wounded.
You feel very sick. The hornet stings you.
You suddenly lose the ability to move!
The hornet stings you.
You shrug off the repeated paralysis!
The hornet stings you but does no damage.
The hornet stings you.
You feel as though you will be slow longer.
You feel sick. The hornet stings you.
You are more poisoned.
You shrug off the repeated paralysis!
You can move again.
It was a potion of curing.
You feel better. You block the hornet's attack. x2
The bullfrog snags a nearby mosquito with its tongue.
Aiming: Iceblast
Press: ? - help, Shift-Dir - straight line, f - hornet
Aim: a hornet (lightly wounded) That beam is likely to hit you.
Continue anyway?
The mass of ice explodes!
The iceblast engulfs the hornet!
The hornet is heavily wounded.
The iceblast engulfs the bullfrog!
The bullfrog is severely wounded.
The iceblast engulfs you. You block the hornet's attack. x2
The hornet stings you but does no damage.
The hornet attacks as you move away!
The hornet stings you but does no damage.
You feel yourself speed up. You block the hornet's attack.
The hornet completely misses you. You block the hornet's attack.
The hornet attacks as you move away! The hornet stings you!
* * * LOW HITPOINT WARNING * * *
You suddenly lose the ability to move!
The hornet stings you but does no damage.
The hornet stings you.
* * * LOW HITPOINT WARNING * * *
You shrug off the repeated paralysis!
The hornet stings you but does no damage.
The bullfrog hits you.
* * * LOW HITPOINT WARNING * * *
The hornet stings you!
You die...

.......# .......#
#......# #......# ..
#......# .... #.#
########..>.######.#
.......#.........y.#####
.......#........@F.....#
.......#.###......=....#
.......# #.#...........#
.......###.###.........#
.....<.......#.........#
.............#.........#
.............#.........#
.............####.....##
................#.....#


You could see a hornet and a bullfrog.

Vanquished Creatures
  5 yaks (D:8)
  Eustachio (D:4)
  2 orc warriors
  2 water moccasins
  A black bear (D:5)
  A sky beast (D:7)
  4 ice beasts
  2 ogres
  A centaur (D:7)
  A phantom (D:3)
  A kobold brigand (D:7)
  4 bullfrogs
  A gnoll sergeant (D:7)
  5 scorpions
  4 killer bees (D:8)
  2 howler monkeys (D:6)
  A hound (D:6)
  A jelly (D:6)
  A gnoll bouda (D:6)
  2 orc priests
  4 sleepcaps
  An iguana (D:7)
  4 orc wizards
  10 gnolls
  10 adders
  3 shadow imps
  A white imp (D:5)
  An ufetubus (D:5)
  2 worms
  3 dart slugs
  16 orcs
  4 ball pythons
  6 endoplasms
  4 giant cockroaches
  4 goblins
  5 hobgoblins
  7 quokkas
  5 bats
  5 frilled lizards
  11 kobolds
  2 rats (D:3)
150 creatures vanquished.

Vanquished Creatures (collateral kills)
  A two-headed ogre (D:8)
  A kobold brigand (D:8)
  A kobold (D:8)
3 creatures vanquished.

Grand Total: 153 creatures vanquished

Notes
Turn   | Place    | Note
-------+----------+-------------------------------------------
     0 | D:1      | jimonade the Barachi Brigand began the quest for the Orb.
     0 | D:1      | Reached XP level 1. HP: 17/17 MP: 1/1
   185 | D:1      | Reached XP level 2. HP: 18/23 MP: 2/2
   770 | D:2      | Reached XP level 3. HP: 28/28 MP: 3/3
   815 | D:2      | Found Nokonirr's Magic Scroll Shop.
   844 | D:2      | Identified the +7 whip "Esitopn" {speed, rElec rCorr Int+3}
   933 | D:2      | Reached skill level 1 in Armour
   935 | D:2      | Identified the +2 mace "Cajyest" {antimagic, Contam *Noise
                  | rF+++ Int+3}
  1135 | D:2      | Reached XP level 4. HP: 32/35 MP: 4/4
  1260 | D:3      | Identified the ring of Ziphacs {rElec Str+6 Int+6}
  1341 | D:3      | Reached XP level 5. HP: 41/42 MP: 5/5
  1404 | D:3      | Noticed a phantom
  1420 | D:3      | Killed a phantom
  1421 | D:3      | Reached skill level 1 in Maces & Flails
  1659 | D:3      | Reached XP level 6. HP: 46/49 MP: 6/6
  1676 | D:3      | Found a basalt altar of Yredelemnul.
  1787 | D:4      | Found a sparkling altar of Nemelex Xobeh.
  1789 | D:4      | Got the Thoughts on Jinxing
  1962 | D:4      | Reached skill level 1 in Translocations
  2034 | D:4      | Noticed Eustachio
  2058 | D:4      | Killed Eustachio
  2059 | D:4      | Reached skill level 1 in Spellcasting
  2059 | D:4      | Reached XP level 7. HP: 42/55 MP: 7/9
  2363 | D:4      | Found a snail-covered altar of Cheibriados.
  2397 | D:4      | Found the +8 Wrath of Trog {antimagic, *Rage Rampage}
  2571 | D:5      | Entered Level 5 of the Dungeon
  2598 | D:5      | Reached skill level 5 in Fighting
  2598 | D:5      | Reached skill level 1 in Axes
  2863 | D:5      | Reached XP level 8. HP: 62/62 MP: 3/10
  3170 | D:5      | Reached skill level 5 in Armour
  3171 | D:5      | Identified the +6 dagger of Beogh's Envy {flame, rF+ rC+++
                  | MP+9 Dex-4}
  3850 | D:6      | Reached skill level 1 in Shields
  3867 | D:6      | Found a shimmering blue altar of Sif Muna.
  3870 | D:6      | Found an ancient bone altar of Kikubaaqudgha.
  3872 | D:6      | Found a radiant altar of Vehumet.
  3875 | D:6      | Got Kikubaaqudgha's Papyrus of the Cemetery
  4161 | D:6      | Found a glowing golden altar of the Shining One.
  4161 | D:6      | Found an opulent altar of Gozag.
  4161 | D:6      | Found a glowing silver altar of Zin.
  4651 | D:4      | Became a worshipper of Cheibriados the Contemplative
  4794 | D:7      | Found a shadowy altar of Dithmenos.
  4905 | D:7      | Reached XP level 9. HP: 69/69 MP: 13/13
  4935 | D:7      | Found a staircase to the Ecumenical Temple.
  5165 | D:7      | Identified the amulet "Ramux" {Acrobat Str+2}
  5598 | D:7      | Reached skill level 5 in Dodging
  5728 | D:7      | Reached * piety under Cheibriados
  5835 | D:7      | Found Moiqok's Antique Weapon Shoppe.
  5863 | D:7      | Bought a twisted falchion for 176 gold pieces
  5863 | D:7      | Identified the +8 falchion "Danusch" {pain, rCorr MP+9
                  | Int-3 Dex+2} (You bought it in a shop on level 7 of the
                  | Dungeon)
  5867 | D:7      | Learned a level 2 spell: Lesser Beckoning
  5958 | D:7      | Reached skill level 5 in Translocations
  6738 | D:8      | Noticed a two-headed ogre
  6748 | D:8      | Killed a two-headed ogre
  6749 | D:8      | Reached XP level 10. HP: 56/79 MP: 14/14
  7249 | D:8      | Reached ** piety under Cheibriados
  7352 | D:8      | Reached skill level 5 in Shields
  7355 | D:8      | HP: 3/80 [yak (12)]
  7896 | D:9      | Paralysed by a hornet for 3 turns
  7901 | D:9      | Paralysed by a hornet for 3 turns
  7903 | D:9      | Mangled by a hornet

Illustrated notes

Levels and vault maps discovered:
D:1:      dpeg_arrival_more_subterranean_lakeside_camping, layout_basic
D:2:      layout_basic, serial_shops, shop
D:3:      layout_basic, lemuel_crystal_altar, hangedman_decor_slide_cut
D:4:      layout_basic, nemelex_xobeh_ov_fountains_minmay, chei_slow_surprise,
          minmay_checkerbox, uniq_eustachio
D:5:      layout_basic
D:6:      layout_basic, grunt_temple_overflow_magic_moments,
          gammafunk_temple_overflow_claw
D:7:      layout_loops_corners, grunt_dithmenos_smoke,
          minmay_temple_entry_glass, serial_shops, nicolae_shop_dealshenge,
          minmay_bent
D:8:      layout_loops_ring, minmay_misc_feat_hallway
D:9:      layout_irregular_city

Skill      XL: |  1  2  3  4  5  6  7  8  9 10 |
---------------+-------------------------------+-----
Stealth        | 4 |  4.1
Fighting       | 3 4 5 6 7 |  7.7
Armour         | 1 2 3 4 5 7 |  7.7
Dodging        | 2 3 4 6 |  6.8
Maces & Flails | 1 |  1.7
Translocations | 1 3 5 6 |  6.1
Spellcasting   | 1 3 |  3.2
Axes           | 3 4 |  4.2
Shields        | 1 4 5 |  5.2
Short Blades   | |  2.6
Throwing       | |  2.4

Action                     |  1- 3 |  4- 6 |  7- 9 | 10-12 || total
---------------------------+-------+-------+-------+-------++-------
  Melee: Dagger            |   100 |    13 |   154 |    14 ||   281
         Whip              |    23 |    64 |    91 |       ||   178
         Battleaxe         |       |       |    36 |       ||    36
         Falchion          |       |       |    34 |    78 ||   112
  Throw: Dart              |       |     9 |     4 |       ||    13
Ability: Hop               |       |       |     3 |       ||     3
  Evoke: Phantom mirror    |       |       |     1 |       ||     1
         Wand              |       |       |       |     1 ||     1
    Use: Scroll            |       |       |     8 |       ||     8
         Potion            |       |       |       |     1 ||     1
   Stab: Sleeping          |     1 |     4 |     7 |       ||    12
         Distracted        |       |       |     1 |       ||     1
 Armour: Ring mail         |    49 |    20 |    98 |    26 ||   193
  Dodge: Dodged            |    63 |    36 |   159 |    44 ||   302
  Block: Kite shield       |       |    11 |   111 |    65 ||   187

Table legend: (Time is in decaauts)
 A = Elapsed time spent in this place.
 B = Non-inter-level travel time spent in this place.
 C = Inter-level travel time spent in this place.
 D = Time resting spent in this place.
 E = Time spent auto-exploring this place.
 F = Levels seen in this place.
 G = Mean time per level.
                   A        B        C        D        E       F      G
               +--------+--------+--------+--------+--------+-----+--------+
         Total |   9777 |   9214 |    563 |    636 |   5927 |   9 | 1086.3 |
       Dungeon |   9777 |   9214 |    563 |    636 |   5927 |   9 | 1086.3 |
               +--------+--------+--------+--------+--------+-----+--------+

Top non-repeatable levels by time:
     D:7: 2347 daAuts
     D:8: 1660 daAuts
     D:6: 1368 daAuts
     D:5: 1238 daAuts
     D:4: 1002 daAuts
     D:1: 810 daAuts
     D:3: 621 daAuts
     D:2: 603 daAuts
     D:9: 127 daAuts
